 Dungeon Crawl Stone Soup version 0.30-a0-7-g94fe547ab8 (webtiles) character file.

Game seed: 13114162791962642680

1184 Plasmagod the Fighter (level 8, -10/83 HPs)
             Began as a Minotaur Monk on Aug 23, 2022.
             Was a Follower of Ru.
             Mangled by a wyvern (16 damage)
             ... on level 7 of the Dungeon.
             The game lasted 00:08:20 (5552 turns).

Plasmagod the Fighter (Minotaur Monk)               Turns: 5552, Time: 00:08:21

Health: -10/83     AC:  6    Str: 18    XL:     8   Next: 19%
Magic:  7/7        EV: 10    Int:  7    God:    Ru [*.....]
Gold:   401        SH:  0    Dex: 13    Spells: 7/7 levels left

rFire   . . .      SeeInvis .    h - +1 long sword (pain)
rCold   . . .      Faith    .    (no shield)
rNeg    . . .      Spirit   .    u - +0 scale mail
rPois   .          Reflect  .    (helmet restricted)
rElec   .          Harm     .    (no cloak)
rCorr   .          Rampage  .    (no gloves)
Will    .....                    (no boots)
Stlth   ..........               b - amulet of regeneration
HPRegen 1.03/turn                (no ring)
MPRegen 0.10/turn                (no ring)

@: no status effects
A: horns 2, missing an eye, retaliatory headbutt
a: Renounce Religion


You were on level 7 of the Dungeon.
You worshipped Ru.
Ru was aware of your devotion.
You visited 2 branches of the dungeon, and saw 8 of its levels.
You also visited: Sewer.

You collected 401 gold pieces.

Inventory:

Hand Weapons
 a - a +0 hand axe
 h - a +1 long sword of pain (weapon)
Armour
 u - a +0 scale mail (worn)
 F - a +0 pair of boots
Jewellery
 b - an amulet of regeneration (around neck)
 e - an amulet of reflection
 v - a +4 ring of protection
 y - a ring of protection from fire
 B - an amulet of faith
 E - the ring "Ozielime" {*Corrode rPois MP+9 Str+3}
   (You found it on level 5 of the Dungeon)

   [ring of magical power]

   Str:       It affects your strength (+3).
   rPois:     It protects you from poison.
   MP:        It affects your magic capacity (+9).
   *Corrode:  It may corrode you when you take damage.
Wands
 D - a wand of iceblast (7)
 G - a wand of mindburst (18)
Scrolls
 f - 4 scrolls of teleportation {unknown}
 g - 3 scrolls of identify {unknown}
 i - 5 scrolls of vulnerability {unknown}
 j - 4 scrolls of poison {unknown}
 m - 2 scrolls of blinking {unknown}
 p - a scroll of noise {unknown}
 r - a scroll of enchant weapon {unknown}
 x - a scroll of immolation {unknown}
 z - a scroll of amnesia {unknown}
 A - a scroll of summoning {unknown}
 I - a scroll of acquirement {unknown}
Potions
 c - 2 potions of ambrosia
 d - a potion of attraction {unknown}
 k - a potion of mutation {unknown}
 l - 3 potions of flight
 n - a potion of lignification {unknown}
 o - 5 potions of haste {unknown}
 q - 3 potions of curing
 s - a potion of experience {unknown}
 t - 4 potions of heal wounds
 w - a potion of berserk rage {unknown}
 C - a potion of invisibility {unknown}
 H - a potion of might {unknown}


   Skills:
 + Level 12.2 Fighting
 - Level 3.6 Axes
 - Level 3.2 Dodging
 - Level 1.5 Stealth


You had 7 spell levels left.
You didn't know any spells.
Your spell library contained the following spells:

 Spells                   Type           Power      Damage    Failure   Level
 Gell's Gravitas          Tloc           0%         N/A       99%         3
 Teleport Other           Tloc           0%         N/A       99%         3
 Fulminant Prism          Conj/Hex       0%         3d6       100%        4
 Iskenderun's Mystic Bla  Conj/Tloc      0%         2d3       100%        4
 Lee's Rapid Deconstruct  Erth           0%         3d5*      100%        5
 Dispersal                Tloc           0%         N/A       100%        6


Dungeon Overview and Level Annotations

Branches:
Dungeon (7/15)             Temple (1/1) D:6           Sewer (visited)

Altars:
Ashenzari
Cheibriados
Dithmenos
Elyvilon
Fedhas
Gozag
Hepliaklqana
Kikubaaqudgha
Makhleb
Nemelex Xobeh
Okawaru
Qazlal
Ru
Trog
Uskayaw
Vehumet
Wu Jian
Xom
Yredelemnul
Zin
The Shining One

Shops:
D:6 **

Annotations:
D:5 2 transporters, nmsoi's ghost, novice GnEE


Innate Abilities, Weirdness & Mutations

You have a pair of horns on your head.
You are missing an eye, making it more difficult to aim.
You reflexively headbutt those who attack you in melee.


Message History

You climb downwards.
There is a stone staircase leading up here.
You open the door.
Found an escape hatch in the floor.
There is an open door here.
There is an escape hatch in the floor here.
Found a stone staircase leading up.
Found a stone staircase leading up.
You open the door.
There is an open door here.
A wyvern comes into view.
There is an open door here.
You barely miss the wyvern. The wyvern bites you! x2
You barely miss the wyvern. Your headbutt misses the wyvern.
The wyvern barely misses you. The wyvern bites you.
You slash the wyvern!
The wyvern is moderately wounded.
The wyvern bites you but does no damage.
The wyvern bites you!
You are too injured to fight recklessly!
You are too injured to fight recklessly!
You closely miss the wyvern.
The wyvern is moderately wounded.
The wyvern is stunned by your conviction and fails to attack.
The wyvern bites you!
You hit the wyvern.
The wyvern is heavily wounded.
The wyvern bites you!
* * * LOW HITPOINT WARNING * * *
The wyvern bites you.
* * * LOW HITPOINT WARNING * * *
The wyvern misses you. You furiously retaliate!
You headbutt the wyvern. You hit the wyvern but do no damage.
The wyvern is heavily wounded.
The wyvern barely misses you. The wyvern bites you.
* * * LOW HITPOINT WARNING * * *
You hit the wyvern but do no damage.
The wyvern is heavily wounded.
The wyvern bites you!
You die...

+....>#.......#....#
##+#.....#####...##...#
#...........##...##...#
#...........#.........#
#...........#.........#
#...........#.........#
#...........#.........#
####.....l.....##...##...#
..<.....#@##....#...##...#
........#..#....#....#....
..^.....#..#....#....#....
........#..#....#...<#....
........#..# ..#....#....
........##.# ##########
##+#.....#.####
#.<...#....# #....#


You could see a wyvern.

Vanquished Creatures
  Menkaure (D:6)
  A sky beast (D:6)
  2 ogres
  3 kobold brigands
  3 scorpions
  A hound (D:6)
  2 jellies
  A gnoll bouda (D:5)
  2 iguanas
  3 gnolls (D:5)
  9 adders
  3 river rats
  A white imp (D:5)
  2 worms (D:5)
  4 dart slugs
  3 orcs
  3 endoplasms
  4 giant cockroaches
  8 goblins
  3 hobgoblins
  7 jackals
  17 kobolds
  3 ball pythons
  3 bats
  2 frilled lizards
  15 rats
106 creatures vanquished.

Vanquished Creatures (others)
  An iguana (D:6)
1 creature vanquished.

Grand Total: 107 creatures vanquished

Notes
Turn   | Place    | Note
-------+----------+-------------------------------------------
     0 | D:1      | Plasmagod the Minotaur Monk began the quest for the Orb.
     0 | D:1      | Reached XP level 1. HP: 19/19 MP: 0/0
    11 | D:1      | Reached skill level 4 in Fighting
   171 | D:1      | Reached XP level 2. HP: 7/28 MP: 1/1
   840 | D:1      | Found a faded altar of an unknown god.
   846 | D:1      | Reached skill level 5 in Fighting
  1128 | D:2      | Found a burning altar of Makhleb.
  1167 | D:2      | Reached XP level 3. HP: 36/36 MP: 2/2
  2049 | D:3      | Reached skill level 6 in Fighting
  2049 | D:3      | Reached XP level 4. HP: 38/44 MP: 3/3
  2129 | D:3      | Identified the +2 whip "Hokol" {vorpal, rF+ MP-9 Str+4
                  | SInv}
  2511 | D:4      | Noticed an ogre
  2582 | D:4      | Noticed a scorpion
  2590 | D:4      | Killed a scorpion
  2591 | D:4      | Reached skill level 7 in Fighting
  2591 | D:4      | Reached XP level 5. HP: 45/52 MP: 4/4
  2624 | D:4      | Found an opulent altar of Gozag.
  2893 | D:4      | Killed an ogre
  2894 | D:4      | Reached skill level 8 in Fighting
  2894 | D:4      | Reached XP level 6. HP: 32/61 MP: 5/5
  3137 | D:4      | Identified the +6 quarterstaff of Law {freeze, *Rage rC+++
                  | rN+ Str-4}
  3249 | D:5      | Entered Level 5 of the Dungeon
  3358 | D:5      | Identified the +8 dagger of Yvumyol {vamp, rN+ Str-3 Int+4}
  3433 | D:5      | Found a glowing drain.
  3450 | D:5      | Reached skill level 9 in Fighting
  3459 | Sewer    | Entered a sewer
  3517 | Sewer    | Reached XP level 7. HP: 28/71 MP: 6/6
  3579 | Sewer    | Found a white marble altar of Elyvilon.
  3799 | D:5      | Found a transporter.
  3799 | D:5      | Noticed nmsoi's ghost (novice GnEE)
  3808 | D:5      | Found a transporter.
  4008 | D:5      | Reached skill level 10 in Fighting
  4100 | D:5      | Identified the ring "Ozielime" {*Corrode rPois MP+9 Str+3}
  4549 | D:6      | Found a staircase to the Ecumenical Temple.
  4560 | D:6      | Noticed Menkaure
  4566 | Temple   | Entered the Ecumenical Temple
  4737 | Temple   | Became a worshipper of Ru the Awakened
  4749 | Temple   | Gained mutation: You are missing an eye, making it more
                  | difficult to aim. [Ru sacrifice]
  4749 | Temple   | Reached * piety under Ru
  4927 | D:6      | Killed Menkaure
  4928 | D:6      | Reached skill level 11 in Fighting
  5041 | D:6      | Reached XP level 8. HP: 46/83 MP: 7/7
  5194 | D:6      | Found Gogeq's Specific Store.
  5196 | D:6      | Found Kaphofet's General Store.
  5203 | D:6      | Identified the +6 dagger of Karma {vamp, Will++}
  5406 | D:6      | Reached skill level 12 in Fighting
  5552 | D:7      | Mangled by a wyvern

Illustrated notes

Levels and vault maps discovered:
D:1:      tarquinn_simple_flora_water_e, layout_basic,
          dreamdust_ecumenical_altar_grove, minmay_tetromino_s2
D:2:      layout_loops_ring, serial_rivers, chequers_serial_rivers_room_a,
          chequers_serial_rivers_micro_b, chequers_serial_rivers_small_3,
          chequers_serial_rivers_room_b, chequers_serial_rivers_micro_a,
          basic_altar, minivault_14, minmay_misc_feat_four_crosses
D:3:      layout_basic, minmay_misc_feat_nine_boxes, hex_medium
D:4:      layout_gridville, nicolae_gozag_cash_rules_everything_around_me,
          chequers_serial_rivers_micro_d
D:5:      layout_basic, lightli_sewer_entry_pipes, gammafunk_ghost_arena
D:6:      layout_loops_cross, minmay_temple_entry_grid, nicolae_specific_store,
          uniq_menkaure
D:7:      layout_gridville
Temple:   mainiacjoe_temple_cubbyholes

Skill      XL: |  1  2  3  4  5  6  7  8 |
---------------+-------------------------+-----
Fighting       | 4 5 6 7 8 9 11 12 | 12.2
Axes           | |  3.6
Dodging        | |  3.2
Stealth        | |  1.5

Action                   |  1- 3 |  4- 6 |  7- 9 || total
-------------------------+-------+-------+-------++-------
Melee: Hand axe          |    15 |       |       ||    15
       Headbutt          |     9 |    13 |    15 ||    37
       Long sword        |    39 |   117 |    90 ||   246
       Punch             |       |     1 |       ||     1
Invok: Sacrifice an Eye  |       |       |     1 ||     1
  Use: Potion            |       |     1 |       ||     1
 Stab: Sleeping          |     3 |       |       ||     3
Armor: Robe              |     8 |       |       ||     8
       Ring mail         |     7 |       |       ||     7
       Scale mail        |       |    48 |    31 ||    79
Dodge: Dodged            |    40 |    68 |    52 ||   160
Block: Other             |     5 |       |       ||     5

Table legend: (Time is in decaauts)
 A = Elapsed time spent in this place.
 B = Non-inter-level travel time spent in this place.
 C = Inter-level travel time spent in this place.
 D = Time resting spent in this place.
 E = Time spent auto-exploring this place.
 F = Levels seen in this place.
 G = Mean time per level.
                   A        B        C        D        E       F      G
               +--------+--------+--------+--------+--------+-----+--------+
         Total |   5716 |   5463 |    253 |      0 |   4568 |   9 |  635.1 |
       Dungeon |   5130 |   4929 |    201 |      0 |   4113 |   7 |  732.9 |
        Temple |    351 |    299 |     52 |      0 |    288 |   1 |  351.0 |
         Sewer |    235 |    235 |      0 |      0 |    167 |   1 |  235.0 |
               +--------+--------+--------+--------+--------+-----+--------+

Top non-repeatable levels by time:
     D:1: 1096 daAuts
     D:5: 924 daAuts
     D:6: 838 daAuts
     D:2: 797 daAuts
     D:4: 725 daAuts
     D:3: 671 daAuts
  Temple: 351 daAuts
   Sewer: 235 daAuts
     D:7: 78 daAuts
